TOP OF THE 1ST |
Balzac Rams batting - Pitching for Menlo Maniacs : RHP Carlos Rodríguez
|
Pitching: RHP Carlos Rodríguez
|
|
Batting: RHB Félix Quintero
|
0-0: Called Strike 0-1: Ball 1-1: Foul Ball, location: 2F 1-2: SINGLE (Line Drive, 56)
|
Batting: LHB Troy Jackson
|
0-0: Ball 1-0: Ball 2-0: Ball 3-0: Called Strike 3-1: Foul Ball, location: 2F 3-2: Foul Ball, location: 2F 3-2: SINGLE (Groundball, 4MD) Félix Quintero to second
|
Batting: RHB Tommy Wilson
|
0-0: Ball 1-0: Called Strike 1-1: Foul Ball, location: 2F 1-2: Strikes out swinging
|
Batting: LHB Carlos Romero
|
0-0: Foul Ball, location: 2F 0-1: Foul Ball, location: 2F 0-2: Ball 1-2: Strikes out swinging
|
Batting: RHB Lorenzo Silva
|
0-0: Ball 1-0: Ball 2-0: Ball 3-0: Base on Balls Félix Quintero to third Troy Jackson to second
|
Batting: LHB Rodney Harrison
|
0-0: Ball 1-0: Ball 2-0: Ball 3-0: Swinging Strike 3-1: Swinging Strike 3-2: Base on Balls Félix Quintero scores Troy Jackson to third Lorenzo Silva to second
|
Batting: RHB Santiago Rivera
|
0-0: Ball 1-0: Ball 2-0: DOUBLE (Line Drive, 5D) Troy Jackson scores Lorenzo Silva scores Rodney Harrison to third Runner from 3rd tries for Home, throw and OUT!
|
Top of the 1st over - 3 run(s), 3 hit(s), 0 error(s), 1 left on base; Balzac 3 - Menlo 0 |
BOTTOM OF THE 1ST |
Menlo Maniacs batting - Pitching for Balzac Rams : LHP Juan Jiménez
|
Pitching: LHP Juan Jiménez
|
|
Batting: RHB Manuel Alonso
|
0-0: SINGLE (Groundball, 6D)
|
Batting: RHB Gilberto León
|
0-0: Called Strike 0-1: Ball 1-1: Foul Ball, location: 2F 1-2: SINGLE (Groundball, 6MD) Manuel Alonso to second
|
Batting: LHB Tim Ramsey
|
0-0: Called Strike 0-1: SINGLE (Line Drive, 89S) Manuel Alonso to third Gilberto León to second Runner from 3rd tries for Home, SAFE, no throw
|
Batting: RHB Jason Blair
|
0-0: Called Strike 0-1: Ball 1-1: Ball 2-1: Ball 3-1: Ground out 2-3 (Groundball, 15S) Gilberto León to third Tim Ramsey to second
|
Batting: RHB Clinton Barton
|
0-0: Ball 1-0: Ball 2-0: Foul Ball, location: 2F 2-1: Swinging Strike 2-2: Strikes out swinging
|
Batting: RHB Byron Bracy
|
0-0: Called Strike 0-1: Ball 1-1: Called Strike 1-2: Strikes out swinging
|
Bottom of the 1st over - 1 run(s), 3 hit(s), 0 error(s), 2 left on base; Balzac 3 - Menlo 1 |
TOP OF THE 2ND |
Balzac Rams batting - Pitching for Menlo Maniacs : RHP Carlos Rodríguez
|
Batting: RHB Gunner Allen
|
0-0: Called Strike 0-1: Ball 1-1: Foul Ball, location: 2F 1-2: Ball 2-2: Strikes out looking
|
Batting: RHB Gerald Arnold
|
0-0: Ball 1-0: Ball 2-0: Ground out U3 (Groundball, 34)
|
Batting: RHB Félix Quintero
|
0-0: Foul Ball, location: 2F 0-1: Ground out 1-3 (Groundball, 13S)
|
Top of the 2nd over - 0 run(s), 0 hit(s), 0 error(s), 0 left on base; Balzac 3 - Menlo 1 |
BOTTOM OF THE 2ND |
Menlo Maniacs batting - Pitching for Balzac Rams : LHP Juan Jiménez
|
Batting: LHB Tristan Walker
|
0-0: Called Strike 0-1: Swinging Strike 0-2: Strikes out swinging
|
Batting: LHB Bernardo Rodríguez
|
0-0: Ball 1-0: Ball 2-0: Called Strike 2-1: Swinging Strike 2-2: Foul Ball, location: 2F 2-2: Ground out U3 (Groundball, 3)
|
Batting: LHB Ken Smith
|
0-0: Ball 1-0: SINGLE (Groundball, 56D)
|
Batting: RHB Manuel Alonso
|
0-0: Ball 1-0: Ball 2-0: Ball 3-0: Base on Balls Ken Smith to second
|
Batting: RHB Gilberto León
|
0-0: Ball 1-0: Foul Ball, location: 2F 1-1: Foul Ball, location: 2F 1-2: Strikes out looking
|
Bottom of the 2nd over - 0 run(s), 1 hit(s), 0 error(s), 2 left on base; Balzac 3 - Menlo 1 |
TOP OF THE 3RD |
Balzac Rams batting - Pitching for Menlo Maniacs : RHP Carlos Rodríguez
|
Batting: LHB Troy Jackson
|
0-0: Ball 1-0: Ground out 4-3 (Groundball, 34)
|
Batting: RHB Tommy Wilson
|
0-0: Ball 1-0: Ground out 5-3 (Groundball, 5)
|
Batting: LHB Carlos Romero
|
0-0: Ball 1-0: SOLO HOME RUN (Line Drive, 9D), Distance : 394 ft
|
Batting: RHB Lorenzo Silva
|
0-0: Ball 1-0: Foul Ball, location: 2F 1-1: Ball 2-1: SINGLE (Groundball, 6D)
|
Batting: LHB Rodney Harrison
|
0-0: Foul Ball, location: 2F 0-1: Ball 1-1: Foul Ball, location: 2F 1-2: Strikes out swinging
|
Top of the 3rd over - 1 run(s), 2 hit(s), 0 error(s), 1 left on base; Balzac 4 - Menlo 1 |
BOTTOM OF THE 3RD |
Menlo Maniacs batting - Pitching for Balzac Rams : LHP Juan Jiménez
|
Batting: LHB Tim Ramsey
|
0-0: Ground out U3 (Groundball, 34)
|
Batting: RHB Jason Blair
|
0-0: Called Strike 0-1: Foul Ball, location: 2F 0-2: Ball 1-2: Ball 2-2: Ground out 3-1 (Groundball, 34)
|
Batting: RHB Clinton Barton
|
0-0: Fly out, F4 (Popup, 4MD)
|
Bottom of the 3rd over - 0 run(s), 0 hit(s), 0 error(s), 0 left on base; Balzac 4 - Menlo 1 |
TOP OF THE 4TH |
Balzac Rams batting - Pitching for Menlo Maniacs : RHP Carlos Rodríguez
|
Batting: RHB Santiago Rivera
|
0-0: Called Strike 0-1: Called Strike 0-2: Ball 1-2: Strikes out looking
|
Batting: RHB Gunner Allen
|
0-0: Called Strike 0-1: Ground out 5-3 (Groundball, 56S)
|
Batting: RHB Gerald Arnold
|
0-0: Foul Ball, location: 2F 0-1: Called Strike 0-2: Strikes out swinging
|
Top of the 4th over - 0 run(s), 0 hit(s), 0 error(s), 0 left on base; Balzac 4 - Menlo 1 |
BOTTOM OF THE 4TH |
Menlo Maniacs batting - Pitching for Balzac Rams : LHP Juan Jiménez
|
Batting: RHB Byron Bracy
|
0-0: Called Strike 0-1: Ball 1-1: Foul Ball, location: 2F 1-2: Ball 2-2: Strikes out looking
|
Batting: LHB Tristan Walker
|
0-0: Ball 1-0: Ball 2-0: Called Strike 2-1: Swinging Strike 2-2: Foul Ball, location: 2F 2-2: Ball 3-2: Base on Balls
|
Batting: LHB Bernardo Rodríguez
|
0-0: Ball 1-0: Ball 2-0: Called Strike 2-1: Swinging Strike 2-2: Strikes out swinging
|
Batting: LHB Ken Smith
|
0-0: Fly out, F3 (Line Drive, 34)
|
Bottom of the 4th over - 0 run(s), 0 hit(s), 0 error(s), 1 left on base; Balzac 4 - Menlo 1 |
TOP OF THE 5TH |
Balzac Rams batting - Pitching for Menlo Maniacs : RHP Carlos Rodríguez
|
Batting: RHB Félix Quintero
|
0-0: Ball 1-0: Ball 2-0: Foul Ball, location: 2F 2-1: Called Strike 2-2: SINGLE (Line Drive, 6MD)
|
Batting: LHB Troy Jackson
|
0-0: Called Strike 0-1: Grounds into double play, 5-4-3 (Groundball, 5)
|
Batting: RHB Tommy Wilson
|
0-0: Called Strike 0-1: Ground out 3-1 (Groundball, 34S)
|
Top of the 5th over - 0 run(s), 1 hit(s), 0 error(s), 0 left on base; Balzac 4 - Menlo 1 |
BOTTOM OF THE 5TH |
Menlo Maniacs batting - Pitching for Balzac Rams : LHP Juan Jiménez
|
Batting: RHB Manuel Alonso
|
0-0: Called Strike 0-1: Called Strike 0-2: Ball 1-2: Foul Ball, location: 2F 1-2: Fly out, F7 (Flyball, 78M)
|
Batting: RHB Gilberto León
|
0-0: Ball 1-0: SINGLE (Groundball, 34D)
|
Batting: LHB Tim Ramsey
|
0-0: Ball 1-0: 2-RUN HOME RUN (Flyball, 9LD), Distance : 346 ft
|
Batting: RHB Jason Blair
|
0-0: Ball 1-0: Called Strike 1-1: Ball 2-1: Hit by Pitch
|
Batting: RHB Clinton Barton
|
0-0: Called Strike 0-1: Ball 1-1: Called Strike 1-2: Grounds into double play, 4-6-3 (Groundball, 4)
|
Bottom of the 5th over - 2 run(s), 2 hit(s), 0 error(s), 0 left on base; Balzac 4 - Menlo 3 |
TOP OF THE 6TH |
Balzac Rams batting - Pitching for Menlo Maniacs : RHP Carlos Rodríguez
|
Batting: LHB Carlos Romero
|
0-0: Ball 1-0: Ball 2-0: Ball 3-0: Called Strike 3-1: Called Strike 3-2: Base on Balls
|
Pitching: RHP José Ramírez
|
|
Batting: RHB Lorenzo Silva
|
0-0: Ball 1-0: Fielders Choice at 2nd, 6-4 (Groundball, 6)
|
Batting: LHB Rodney Harrison
|
0-0: Ball 1-0: Called Strike 1-1: Ball 2-1: Grounds into double play, 4-6-3 (Groundball, 4)
|
Top of the 6th over - 0 run(s), 0 hit(s), 0 error(s), 0 left on base; Balzac 4 - Menlo 3 |
BOTTOM OF THE 6TH |
Menlo Maniacs batting - Pitching for Balzac Rams : LHP Juan Jiménez
|
Pitching: LHP Martin Balsano
|
|
Batting: RHB Byron Bracy
|
0-0: Called Strike 0-1: Swinging Strike 0-2: Strikes out looking
|
Batting: LHB Tristan Walker
|
0-0: Called Strike 0-1: Ball 1-1: SOLO HOME RUN (Flyball, 89XD), Distance : 403 ft
|
Batting: LHB Bernardo Rodríguez
|
0-0: Called Strike 0-1: Foul Ball, location: 2F 0-2: Ball 1-2: Ground out 4-3 (Groundball, 4)
|
Batting: LHB Ken Smith
|
0-0: Ground out 4-3 (Groundball, 4)
|
Bottom of the 6th over - 1 run(s), 1 hit(s), 0 error(s), 0 left on base; Balzac 4 - Menlo 4 |
TOP OF THE 7TH |
Balzac Rams batting - Pitching for Menlo Maniacs : RHP José Ramírez
|
Batting: RHB Santiago Rivera
|
0-0: Foul Ball, location: 2F 0-1: Foul Ball, location: 2F 0-2: Ball 1-2: Foul Ball, location: 2F 1-2: Fly out, F9 (Flyball, 89D)
|
Batting: RHB Gunner Allen
|
0-0: Ball 1-0: Called Strike 1-1: Ball 2-1: Foul Ball, location: 2F 2-2: Foul Ball, location: 2F 2-2: Strikes out looking
|
Batting: RHB Gerald Arnold
|
0-0: Swinging Strike 0-1: Ball 1-1: Called Strike 1-2: Ball 2-2: SINGLE (Line Drive, 6MD)
|
Batting: RHB Félix Quintero
|
0-0: Ball 1-0: Ball Gerald Arnold is caught stealing 2nd base
|
Top of the 7th over - 0 run(s), 1 hit(s), 0 error(s), 0 left on base; Balzac 4 - Menlo 4 |
BOTTOM OF THE 7TH |
Menlo Maniacs batting - Pitching for Balzac Rams : LHP Martin Balsano
|
Batting: RHB Manuel Alonso
|
0-0: SINGLE (Flyball, 7LS)
|
Batting: RHB Gilberto León
|
0-0: Called Strike 0-1: Ball 1-1: Ball 2-1: Fly out, F5 (Line Drive, 6)
|
Pinch Hitting: RHB José Méndez
|
0-0: Called Strike Manuel Alonso steals 2nd base 0-1: Ball 1-1: Ball 2-1: Ball 3-1: Foul Ball, location: 2F 3-2: Ground out 6-3 (Groundball, 6)
|
Batting: RHB Jason Blair
|
0-0: Ball 1-0: Ball 2-0: Ball 3-0: Called Strike 3-1: Foul Ball, location: 2F 3-2: Strikes out looking
|
Bottom of the 7th over - 0 run(s), 1 hit(s), 0 error(s), 1 left on base; Balzac 4 - Menlo 4 |
TOP OF THE 8TH |
Balzac Rams batting - Pitching for Menlo Maniacs : RHP José Ramírez
|
Now in RF: Joe Smith
|
|
Batting: RHB Félix Quintero
|
0-0: Ball 1-0: Ball 2-0: Foul Ball, location: 2F 2-1: Foul Ball, location: 2F 2-2: Strikes out swinging
|
Pitching: LHP Joe Jenkins
|
|
Pinch Hitting: RHB Brian Parks
|
0-0: Ball 1-0: Ball 2-0: Ground out 4-3 (Groundball, 4)
|
Batting: RHB Tommy Wilson
|
0-0: Ball 1-0: Foul Ball, location: 2F 1-1: Ball 2-1: Ball 3-1: Called Strike 3-2: Foul Ball, location: 2F 3-2: Base on Balls
|
Pitching: RHP Fernando Valdés
|
|
Batting: LHB Carlos Romero
|
0-0: Fielders Choice at 2nd, 4-6 (Groundball, 4)
|
Top of the 8th over - 0 run(s), 0 hit(s), 0 error(s), 0 left on base; Balzac 4 - Menlo 4 |
BOTTOM OF THE 8TH |
Menlo Maniacs batting - Pitching for Balzac Rams : LHP Martin Balsano
|
Now at SS: Brian Parks
|
|
Batting: RHB Clinton Barton
|
0-0: Ground out 5-3 (Groundball, 5S)
|
Pinch Hitting: RHB Dani Torres
|
0-0: Fly out, F5 (Line Drive, 5)
|
Pinch Hitting: LHB Frank Young
|
0-0: Ball 1-0: Ball 2-0: Called Strike 2-1: Ground out U3 (Groundball, 3L)
|
Bottom of the 8th over - 0 run(s), 0 hit(s), 0 error(s), 0 left on base; Balzac 4 - Menlo 4 |
TOP OF THE 9TH |
Balzac Rams batting - Pitching for Menlo Maniacs : RHP Fernando Valdés
|
Pitching: RHP Juan Sánchez
|
|
Now at 1B: David Doyle
|
|
Now in RF: Frank Young
|
|
Batting: RHB Lorenzo Silva
|
0-0: Called Strike 0-1: Called Strike 0-2: Strikes out swinging
|
Batting: LHB Rodney Harrison
|
0-0: Ball 1-0: Foul Ball, location: 2F 1-1: SINGLE (Groundball, 4MD)
|
Batting: RHB Santiago Rivera
|
0-0: Foul Ball, location: 2F 0-1: Ball 1-1: Fielders Choice at 2nd, 1-6 (Groundball, 13S)
|
Batting: RHB Gunner Allen
|
0-0: Ball 1-0: Ball 2-0: DOUBLE (Line Drive, 5D) Santiago Rivera to third Runner from 3rd tries for Home, SAFE, no throw
|
Batting: RHB Gerald Arnold
|
0-0: Ball 1-0: Called Strike 1-1: Swinging Strike 1-2: Strikes out swinging
|
Top of the 9th over - 1 run(s), 2 hit(s), 0 error(s), 1 left on base; Balzac 5 - Menlo 4 |
BOTTOM OF THE 9TH |
Menlo Maniacs batting - Pitching for Balzac Rams : LHP Martin Balsano
|
Pitching: LHP Miguel Muñíz
|
|
Pinch Hitting: RHB Jimmy Skinner
|
0-0: Ground out 6-3 (Groundball, 6M)
|
Pinch Hitting: RHB Juan Cardoza
|
0-0: Swinging Strike 0-1: Called Strike 0-2: Foul Ball, location: 2F 0-2: Foul Ball, location: 2F 0-2: Ball 1-2: Ball 2-2: Strikes out swinging
|
Batting: RHB Manuel Alonso
|
0-0: Called Strike 0-1: Ball 1-1: Foul Ball, location: 2F 1-2: Ball 2-2: Fly out, F7 (Flyball, 7D)
|
Bottom of the 9th over - 0 run(s), 0 hit(s), 0 error(s), 0 left on base; Balzac 5 - Menlo 4 |
|